 Dungeon Crawl Stone Soup version 0.25.1-11-g244df3a29b (webtiles) character file.

Game seed: 1983941991024513765

37 ImHallYall the Charmwright (level 3, -1/28 HPs)
             Began as a Human Skald on Apr 8, 2022.
             Slain by Robin
             ... wielding a +0 whip
              (4 damage)
             ... on level 2 of the Dungeon.
             The game lasted 00:03:47 (1505 turns).

ImHallYall the Charmwright (Human Skald)            Turns: 1505, Time: 00:03:48

Health: -1/28      AC:  7    Str: 11    XL:     3   Next: 62%
Magic:  5/6        EV:  9    Int: 14    God:
Gold:   44         SH:  0    Dex: 12    Spells: 3/6 levels left

rFire    . . .     SeeInvis .   a - +0 hand axe
rCold    . . .     Gourm    .   (no shield)
rNeg     . . .     Faith    .   h - +0 scale mail
rPois    .         Spirit   .   (no helmet)
rElec    .         Reflect  .   (no cloak)
rCorr    .         Harm     .   i - +0 pair of gloves
MR       .....                  (no boots)
Stlth    ..........             (no amulet)
HPRegen  0.09/turn              (no ring)
MPRegen  0.10/turn              (no ring)

@: very slightly contaminated
A: no striking features
a: no special abilities


You were on level 2 of the Dungeon.
You were not hungry.

You visited 1 branch of the dungeon, and saw 2 of its levels.

You collected 44 gold pieces.

Inventory:

Hand Weapons
 a - a +0 hand axe (weapon)
Missiles
 j - 8 boomerangs (quivered)
Armour
 b - a +0 leather armour
 h - a +0 scale mail (worn)
 i - a +0 pair of gloves (worn)
Scrolls
 c - a scroll of blinking {unknown}
 g - a scroll of remove curse {unknown}
Potions
 k - a potion of berserk rage {unknown}
Comestibles
 d - a ration


   Skills:
 + Level 2.3 Fighting
 + Level 2.4 Axes
 + Level 1.5 Armour
 + Level 2.1 Dodging
 + Level 2.1 Spellcasting
 + Level 3.4 Charms


You had 3 spell levels left.
You knew the following spells:

 Your Spells              Type           Power        Failure   Level  Hunger
a - Infusion              Chrm           ##..         34%         1    #......
b - Song of Slaying       Chrm           ##......     45%         2    ###....

Your spell library contained the following spells:

 Spells                   Type           Power        Failure   Level  Hunger
 Shroud of Golubria       Chrm/Tloc      #.....       71%         2    ###....
 Ozocubu's Armour         Chrm/Ice       #.......     90%         3    ###....
 Spectral Weapon          Hex/Chrm       #.......     90%         3    ###....


Dungeon Overview and Level Annotations

Branches:
Dungeon (2/15)

Altars:

Annotations:
D:2 Robin


Message History

Robin hits you but does no damage. The hobgoblin closely misses you.
You barely miss the hobgoblin.
The hobgoblin is heavily wounded.
You hit the hobgoblin. You hit Robin. Robin barely misses you.
The hobgoblin barely misses you. The hobgoblin hits you with a +0 club.
Robin hits you but does no damage.
The hobgoblin hits you but does no damage.
You barely miss the hobgoblin.
The hobgoblin is heavily wounded.
You hit the hobgoblin but do no damage. You hit Robin but do no damage.
The hobgoblin hits you with a +0 club.
* * * LOW HITPOINT WARNING * * *
Robin barely misses you. The hobgoblin hits you with a +0 club.
* * * LOW HITPOINT WARNING * * *
You slash the hobgoblin!
You kill the hobgoblin!
You closely miss the hobgoblin. You hit Robin.
The hobgoblin hits you but does no damage.
Robin hits you with a +0 whip.
You die...

#..## #...##
#####..#.###
#..........
#........###g
#............
#......(..#..
#)$).........
#.@).).......
#.gg.........
#(.......##..
#.)......# .
..?.......#
#.........##
#.........#
#.......>..


You could see Robin and a hobgoblin (strong).

Vanquished Creatures
  A dart slug (D:1)
  2 giant cockroaches (D:1)
  11 goblins
  6 hobgoblins
  3 kobolds (D:1)
  3 bats (D:1)
  4 rats (D:1)
30 creatures vanquished.

Notes
Turn   | Place    | Note
-------+----------+-------------------------------------------
     0 | D:1      | ImHallYall the Human Skald began the quest for the Orb.
     0 | D:1      | Reached XP level 1. HP: 16/16 MP: 3/3
   299 | D:1      | Reached XP level 2. HP: 9/22 MP: 5/5
   852 | D:1      | Reached XP level 3. HP: 24/27 MP: 6/6
   862 | D:1      | Learned a level 2 spell: Song of Slaying
  1099 | D:2      | Noticed Robin
  1505 | D:2      | Slain by Robin

Illustrated notes

Levels and vault maps discovered:
D:1:      enne_arrival_octagon_isle, layout_loops_ring
D:2:      layout_rooms, nicolae_overflow_crystal_walls, minmay_cut_off,
          uniq_natasha, uniq_robin

Action                   || total
-------------------------++-------
Melee: Hand axe          ||    76
 Cast: Infusion          ||     1
  Use: Scroll            ||     1
  Eat: Ration            ||     1
       Chunk             ||     1
Armor: Scale mail        ||    37
Dodge: Dodged            ||    66
